 Dungeon Crawl Stone Soup version 0.28.0 (webtiles) character file.

Game seed: 17118192859337847920

140 BALLS the Slasher (level 5, -1/28 HPs)
             Began as a Vine Stalker Fighter on Feb 4, 2022.
             Succumbed to a killer bee's poison
             ... on level 4 of the Dungeon.
             The game lasted 00:05:22 (2132 turns).

BALLS the Slasher (Vine Stalker Fighter)            Turns: 2132, Time: 00:05:22

Health: -1/28      AC:  6    Str: 21    XL:     5   Next: 22%
Magic:  1/6        EV:  9    Int:  8    God:
Gold:   155        SH:  4    Dex: 13    Spells: 4/4 levels left

rFire   . . .      SeeInvis .   a - +0 long sword
rCold   . . .      Faith    .   c - +0 buckler
rNeg    + . .      Spirit   +   b - +0 scale mail
rPois   .          Reflect  .   (no helmet)
rElec   .          Harm     .   (no cloak)
rCorr   .          Rampage  .   (no gloves)
Will    .....                   (no boots)
Stlth   ..........              (no amulet)
HPRegen 0.89/turn               n - ring of positive energy
MPRegen 0.10/turn               (no ring)

@: lethally poisoned (-1 -> -9)
A: fangs 2, regeneration 1, magic shield, antimagic bite, no potion heal 2
a: no special abilities


You were on level 4 of the Dungeon.
You visited 1 branch of the dungeon, and saw 4 of its levels.

You collected 155 gold pieces.

Inventory:

Hand Weapons
 a - a +0 long sword (weapon)
Armour
 b - a +0 scale mail (worn)
 c - a +0 buckler (worn)
Jewellery
 n - a ring of positive energy (left hand)
Scrolls
 e - 6 scrolls of identify {unknown}
 f - a scroll of holy word {unknown}
 i - a scroll of fear {unknown}
 k - a scroll of enchant weapon {unknown}
 l - 2 scrolls of magic mapping {unknown}
 m - a scroll of fog {unknown}
Potions
 d - a potion of might
 g - a potion of heal wounds {unknown}
 h - a potion of attraction {unknown}
 j - 2 potions of curing {unknown}


   Skills:
 - Level 2.9 Fighting
 + Level 4.4 Long Blades
 - Level 2.7 Armour
 - Level 2.7 Shields


You had 4 spell levels left.
You didn't know any spells.
Your spell library contained the following spells:

 Spells                   Type           Power      Damage    Failure   Level
 Summon Guardian Golem    Hex/Summ       0%         N/A       99%         3
 Orb of Destruction       Conj           0%         9d5       100%        7
 Spellforged Servitor     Conj/Summ      0%         N/A       100%        7


Dungeon Overview and Level Annotations

Branches:
Dungeon (4/15)
 Temple: D:4-7

Altars:
Ru

Annotations:
D:3 2 transporters, Skitler's ghost, weakling GrFi


Innate Abilities, Weirdness & Mutations

You have extremely sharp teeth.
Your natural rate of healing is unusually fast.
When hurt, damage is shared between your health and your magic reserves.
Your bite disrupts and absorbs the magic of your enemies.
Potions cannot restore your health.


Message History

You see here a hobgoblin corpse.
You now have 141 gold pieces (gained 11).
Found a scale mail.
Found a stone staircase leading down.
You see here a +0 scale mail.
There is a stone staircase leading down here.
j - 2 lumpy silvery potions (gained 1)
There is a shaft here.
You now have 155 gold pieces (gained 14).
l - 2 scrolls labelled MAPILE ICKAF (gained 1)
A killer bee comes into view.
Found 11 gold pieces.
The killer bee buzzes angrily.
You hear an angry buzzing noise.
A killer bee comes into view.
You hear an angry buzzing noise.
The killer bee barely misses you.
You closely miss the killer bee. The killer bee closely misses you. x2
The killer bee stings you!
You miss the killer bee. Your bite misses the killer bee.
The killer bee stings you.
You are poisoned.
The killer bee poisons you! The killer bee stings you.
You are more poisoned.
The killer bee poisons you!
You slash the killer bee!
The killer bee is almost dead.
You feel very sick. You block the killer bee's attack.
The killer bee stings you. x2
You feel very sick. You block the killer bee's attack.
You miss the killer bee. Your bite misses the killer bee.
The killer bee is almost dead.
You feel very sick. The killer bee stings you.
* * * LOW HITPOINT WARNING * * *
You are more poisoned.
The killer bee poisons you! The killer bee closely misses you.
You block the killer bee's attack.
You miss the killer bee.
The killer bee is almost dead.
You die...

... .. #.# #. ..##.
#.# #. #.#. #.###.
#.. #..... #.####
#.#### #....#
###.#... #.##.#
#...#... #.. #y#
#...#... #y## #@#
#[...... ..# #.#
#.##.#.. ..# #.# #.
#.#.. y.. #.# #.###
## #.# #. #.... #.#
### ...##### #.# ...
.>......
###.##.#######.##...
.###..........#
#.#....


You could see a killer bee.

Vanquished Creatures
  6 adders
  2 worms (D:2)
  2 dart slugs (D:1)
  2 orcs (D:3)
  6 endoplasms
  4 giant cockroaches
  8 goblins
  7 hobgoblins
  6 jackals
  A quokka (D:2)
  5 ball pythons
  2 bats
  6 frilled lizards
  10 kobolds
  A rat (D:1)
68 creatures vanquished.

Notes
Turn   | Place    | Note
-------+----------+-------------------------------------------
     0 | D:1      | BALLS the Vine Stalker Fighter began the quest for the Orb.
     0 | D:1      | Reached XP level 1. HP: 11/11 MP: 2/2
    20 | D:1      | Reached XP level 2. HP: 15/16 MP: 3/3
   441 | D:1      | Reached skill level 2 in Long Blades
   583 | D:1      | Reached XP level 3. HP: 19/19 MP: 4/4
  1081 | D:2      | Reached skill level 3 in Long Blades
  1124 | D:2      | Gained mutation: Your natural rate of healing is unusually
                  | fast. [Vine Stalker growth]
  1124 | D:2      | Reached XP level 4. HP: 12/23 MP: 5/5
  1680 | D:3      | Noticed Skitler's ghost (weakling GrFi)
  1681 | D:3      | Found a transporter.
  1681 | D:3      | Noticed an ogre
  1732 | D:3      | Reached skill level 4 in Long Blades
  1793 | D:3      | Reached XP level 5. HP: 28/28 MP: 6/6
  1826 | D:3      | Identified the +3 giant club "Tojyw" {vamp, Str+5 Int-4}
  1826 | D:3      | Noticed an ogre
  1828 | D:3      | Found a transporter.
  1894 | D:3      | Found a faded altar of an unknown god.
  2018 | D:4      | Found a sacrificial altar of Ru.
  2132 | D:4      | Succumbed to a killer bee's poison

Illustrated notes

Levels and vault maps discovered:
D:1:      lightli_arrival_maybe_door_vault, layout_rooms
D:2:      layout_basic
D:3:      layout_basic, gammafunk_ghost_smash,
          hellmonk_ecumenical_altar_arch_garden
D:4:      layout_loops_ring, nicolae_overflow_crystal_walls

Skill      XL: |  1  2  3  4 |
---------------+-------------+-----
Long Blades    | 2 3 4 |  4.4
Fighting       | |  2.9
Armour         | |  2.7
Shields        | |  2.7

Action                   |  1- 3 |  4- 6 || total
-------------------------+-------+-------++-------
Melee: Long sword        |    95 |    79 ||   174
       Bite              |    15 |    15 ||    30
Armor: Scale mail        |    47 |    48 ||    95
Dodge: Dodged            |    53 |    35 ||    88
Block: Buckler           |    27 |    16 ||    43
